 Dungeon Crawl Stone Soup version 0.28.0-62-gf88900778d (webtiles) character file.

Game seed: 13603390615342019592

1206 cbfl8 the Chopper (level 8, -1/72 HPs)
             Began as a Gargoyle Berserker on May 13, 2023.
             Was a Believer of Trog.
             Slain by a two-headed ogre
             ... wielding a +0 giant club
              (19 damage)
             ... on level 5 of the Dungeon.
             The game lasted 00:04:10 (5974 turns).

cbfl8 the Chopper (Gargoyle Berserker)              Turns: 5974, Time: 00:04:11

Health: -1/72      AC: 13    Str: 28    XL:     8   Next: 45%
Magic:  8/8        EV: 11    Int:  7    God:    Trog [**....]
Gold:   167        SH:  0    Dex: 11    Spells: 7/7 levels left

rFire   . . .      SeeInvis .   j - +4 hand axe
rCold   . . .      Faith    .   (no shield)
rNeg    + . .      Spirit   .   g - +0 scale mail
rPois   ∞          Reflect  .   (no helmet)
rElec   +          Harm     .   h - +0 cloak
rCorr   .          Rampage  .   (no gloves)
Will    .....                   (no boots)
Stlth   ..........              (no amulet)
HPRegen 0.22/turn               b - +6 ring of strength
MPRegen 0.11/turn               (no ring)

@: berserking, very quick
A: sickness immunity, AC +5, negative energy resistance 1, electricity
resistance, torment resistance 1, petrification resistance
a: Renounce Religion, Berserk, Trog's Hand


You were on level 5 of the Dungeon.
You worshipped Trog.
Trog was pleased with you.
You visited 1 branch of the dungeon, and saw 5 of its levels.

You collected 167 gold pieces.

Inventory:

Hand Weapons
 a - a +0 hand axe
 j - a +4 hand axe (weapon)
Armour
 g - a +0 scale mail (worn)
 h - a +0 cloak (worn)
Jewellery
 b - a +6 ring of strength (left hand)
Wands
 c - a wand of paralysis (9)
Potions
 d - a potion of curing
 e - a potion of heal wounds
 f - a potion of flight
 i - a potion of brilliance {unknown}


   Skills:
 + Level 4.6 Fighting
 * Level 7.1 Axes
 + Level 4.2 Armour
 + Level 2.5 Dodging
 + Level 0.4 Stealth
 * Level 3.5 Evocations


You had 7 spell levels left.
You didn't know any spells.
Your spell library was empty.

Dungeon Overview and Level Annotations

Branches:
Dungeon (5/15)
 Temple: D:4-7

Altars:
Yredelemnul

Shops:
D:4 *

Annotations:
D:4 2 runed translucent doors, Djinni's ghost, amateur TrTm


Innate Abilities, Weirdness & Mutations

You are immune to sickness and miasma.
Your stone body is resilient. (AC +5)
You are immune to poison.
You resist negative energy. (rN+)
You are resistant to electric shocks. (rElec)
You are resistant to unholy torment.
You are immune to petrification.


Message History

The iguana closely misses you.
An iguana is nearby!
You slash the iguana!
The iguana is severely wounded.
The iguana completely misses you.
An iguana is nearby!
You hit the iguana.
The iguana is almost dead.
The iguana bites you.
An iguana is nearby!
You slash the iguana!
You kill the iguana!
Trog accepts your kill.
Found a stone staircase leading down.
No target in view!
There is a stone staircase leading down here.
Found an escape hatch in the ceiling.
No target in view!
You open the door.
There is an open door here.
Found an escape hatch in the floor.
No target in view!
A two-headed ogre comes into view.
It is wielding a +0 giant club and a +0 giant spiked club.
The two-headed ogre shouts in stereo!
A two-headed ogre is nearby!
A two-headed ogre is nearby!
The two-headed ogre hits you with a +0 giant club!
The two-headed ogre hits you with a +0 giant spiked club!
A red film seems to cover your vision as you go berserk!
You feel yourself moving faster!
You feel mighty! The two-headed ogre barely misses you.
The two-headed ogre hits you with a +0 giant spiked club!
* * * LOW HITPOINT WARNING * * *
You hit the two-headed ogre.
The two-headed ogre is lightly wounded.
You barely miss the two-headed ogre.
The two-headed ogre is lightly wounded.
The two-headed ogre misses you.
The two-headed ogre hits you with a +0 giant spiked club!!
You die...

#.# #.# #.# # #.#
#.#.#.......
#####.#.#.......
.......O+......#
#@#......# #.#......# #
#.#......#
.####.#......#
#####.#...........#
#<....#+##.######.#
#..........######..
+...........>....... ...
#..........######..#.#.#


You could see a two-headed ogre.

Vanquished Creatures
  Eustachio (D:4)
  4 necrophages (D:4)
  A centaur (D:5)
  A scorpion (D:5)
  2 water moccasin zombies (D:4)
  A wyvern skeleton (D:3)
  2 centaur zombies (D:4)
  2 hounds
  A human zombie (D:4)
  An orc priest (D:5)
  A centaur skeleton (D:4)
  An iguana (D:5)
  A hound zombie (D:4)
  2 hound skeletons (D:4)
  2 howler monkey zombies (D:4)
  3 gnolls (D:4)
  2 adders
  An adder zombie (D:4)
  2 worms
  2 dart slugs
  9 orcs
  4 endoplasms
  3 giant cockroaches
  7 goblins
  5 hobgoblins
  2 jackals (D:2)
  5 quokkas
  3 ball pythons
  8 bats
  A frilled lizard (D:3)
  3 kobolds
  6 rats
89 creatures vanquished.

Vanquished Creatures (others)
  4 plants (D:3)
4 creatures vanquished.

Grand Total: 93 creatures vanquished

Notes
Turn   | Place    | Note
-------+----------+-------------------------------------------
     0 | D:1      | cbfl8 the Gargoyle Berserker began the quest for the Orb.
     0 | D:1      | Reached XP level 1. HP: 14/14 MP: 1/1
   582 | D:1      | Reached XP level 2. HP: 14/20 MP: 2/2
  1800 | D:2      | Found a basalt altar of Yredelemnul.
  1828 | D:2      | Reached XP level 3. HP: 22/24 MP: 3/3
  1905 | D:2      | Reached skill level 3 in Axes
  2264 | D:2      | Reached skill level 1 in Evocations
  2471 | D:3      | Reached ** piety under Trog
  2684 | D:3      | Reached XP level 4. HP: 8/29 MP: 4/4
  3051 | D:3      | Found a faded altar of an unknown god.
  3606 | D:4      | Reached XP level 5. HP: 32/33 MP: 5/5
  3649 | D:4      | Noticed Eustachio
  3662 | D:4      | Killed Eustachio
  3663 | D:4      | Reached skill level 4 in Axes
  3663 | D:4      | Reached XP level 6. HP: 9/38 MP: 6/6
  3947 | D:4      | Found Sopeonou's General Store.
  4001 | D:4      | Found a large runed translucent door.
  4002 | D:4      | Found a large runed translucent door.
  4004 | D:4      | Noticed Djinni's ghost (amateur TrTm)
  4550 | D:4      | Noticed a necrophage
  4551 | D:4      | Noticed a necrophage
  4556 | D:4      | Killed a necrophage
  4557 | D:4      | Reached skill level 5 in Axes
  4557 | D:4      | Reached XP level 7. HP: 39/43 MP: 7/7
  4633 | D:4      | Found a basalt altar of Yredelemnul.
  4644 | D:4      | Reached skill level 6 in Axes
  4777 | D:4      | Reached XP level 8. HP: 46/48 MP: 8/8
  5070 | D:5      | Entered Level 5 of the Dungeon
  5196 | D:5      | HP: 2/48 [orc priest/divine providence (12)]
  5629 | D:5      | Reached skill level 7 in Axes
  5968 | D:5      | Noticed a two-headed ogre
  5974 | D:5      | Slain by a two-headed ogre

Illustrated notes

Levels and vault maps discovered:
D:1:      dpeg_arrival_connections, layout_basic
D:2:      layout_basic, basic_altar, minivault_27
D:3:      layout_loops_corners, serial_bayou, serial_bayou_pond_e,
          serial_bayou_crossing, serial_bayou_pond_b, serial_bayou_pond_b,
          serial_bayou_pond_b, serial_bayou_pond_c,
          chequers_ecumenical_altar_twisty
D:4:      layout_basic, lemuel_mausoleum_altar_yredelemnul, serial_shops,
          nicolae_shop_stone, ebering_ghost_disaster_area, uniq_menkaure,
          uniq_robin, uniq_eustachio
D:5:      layout_basic, gammafunk_ghost_necromancy

Skill      XL: |  1  2  3  4  5  6  7  8 |
---------------+-------------------------+-----
Axes           | 3 4 5 6 7 |  7.1
Evocations     | 1 2 3 |  3.5
Fighting       | 4 |  4.6
Armour         | 3 4 |  4.2
Dodging        | 2 |  2.5
Stealth        | |  0.4

Action                   |  1- 3 |  4- 6 |  7- 9 || total
-------------------------+-------+-------+-------++-------
Melee: Hand axe          |   120 |    99 |   110 ||   329
       Punch             |     3 |       |     1 ||     4
Invok: Berserk           |       |     1 |     1 ||     2
  Use: Scroll            |       |       |     3 ||     3
Armor: Animal skin       |    16 |       |       ||    16
       Scale mail        |    29 |    59 |    63 ||   151
Dodge: Dodged            |    91 |    72 |    44 ||   207
